 Dungeon Crawl Stone Soup version 0.18-a0-1745-gffa9a88 (webtiles) character file.

3558 dobroeutro the Blocker (level 10, -1/61 HPs)
             Began as a Gargoyle Fighter on Apr 11, 2016.
             Was an Elder of Okawaru.
             Killed from afar by Erolcha (27 damage)
             ... with an orb of energy
             ... on level 8 of the Dungeon.
             The game lasted 00:16:18 (7749 turns).

dobroeutro the Blocker (Gargoyle Fighter)           Turns: 7749, Time: 00:16:19

Health: -1/61      AC: 20    Str: 23    XL:     10   Next: 9%
Magic:  9/9        EV:  9    Int:  8    God:    Okawaru [****..]
Gold:   385        SH: 12    Dex: 10    Spells: 0 memorised, 9 levels left

rFire  + . .     SeeInvis .     q - +2 mace (venom)
rCold  . . .     Gourm    .     b - +0 scale mail
rNeg   + + +     Faith    .     c - +0 shield
rPois  ∞         Spirit   .     k - +0 helmet
rElec  +         Dismiss  .     C - +1 cloak
rCorr  .         Reflect  .     F - +0 pair of gloves
SustAt .         Harm     .     (no boots)
MR     .....     Rnd*Tele +     (no amulet)
Stlth  ..........               o - ring of positive energy
                                l - ring of positive energy

@: not resistant to hostile enchantments, extremely unstealthy
A: blurry vision 1, fire resistance 1, low mp 1, negative energy resistance 1,
electricity resistance, teleportitis 1, wild magic 1, unbreathing, petrification
resistance, rot immunity, AC +7
a: Heroism, Renounce Religion


You were on level 8 of the Dungeon.
You worshipped Okawaru.
Okawaru was greatly pleased with you.
You were very hungry.

You visited 2 branches of the dungeon, and saw 9 of its levels.

You collected 385 gold pieces.

Inventory:

Hand Weapons
 a - a +0 flail
 q - a +2 mace of venom (weapon)
 B - a +2 mace of holy wrath
Missiles
 Q - 7 javelins (quivered)
Armour
 b - a +0 scale mail (worn)
 c - a +0 shield (worn)
 k - a +0 helmet (worn)
 C - a +1 cloak (worn)
 F - a +0 pair of gloves (worn)
Jewellery
 l - a ring of positive energy (left hand)
 o - a ring of positive energy (right hand)
 O - an uncursed amulet of magic regeneration
Wands
 w - a wand of iceblast (3/15)
 x - a wand of paralysis (16/24)
Scrolls
 h - 2 scrolls of enchant weapon {unknown}
 j - 5 scrolls of amnesia {unknown}
 m - 8 scrolls of identify {unknown}
 r - a scroll of fear {unknown}
 t - 2 scrolls of remove curse
 u - 2 scrolls of noise {unknown}
 v - a scroll of immolation {unknown}
 y - 4 scrolls of fog {unknown}
 z - a scroll of random uselessness {unknown}
 D - a scroll of blinking {unknown}
 G - a scroll of enchant armour {unknown}
 H - a scroll of brand weapon {unknown}
 M - 2 scrolls of magic mapping {unknown}
Potions
 d - 6 potions of might
 e - 4 potions of agility
 g - a potion of magic {unknown}
 i - 2 potions of lignification
 n - 3 potions of flight
 p - 3 potions of mutation
 I - a potion of ambrosia {unknown}
 J - 4 potions of degeneration {unknown}
 N - a potion of berserk rage {unknown}
 P - a potion of haste {unknown}
Books
 K - a book of the Dragon

   Spells                             Type                      Level
   a - Flame Tongue                   Conjuration/Fire             1
   b - Cause Fear                     Hexes                        4
   c - Bolt of Fire                   Conjuration/Fire             6
   d - Dragon Form                    Transmutation                7
   e - Dragon's Call                  Summoning                    9
Comestibles
 f - 6 bread rations
 s - 2 slices of pizza
 A - 4 meat rations
 L - 3 fruits


   Skills:
 + Level 6.7 Fighting
 + Level 7.5 Maces & Flails
 + Level 8.0 Armour
 + Level 10.0 Shields


You had 9 spell levels left.
You didn't know any spells.

Dungeon Overview and Level Annotations

Branches:
Dungeon (8/15)             Temple (1/1) D:4
   Lair: D:8-11

Altars:
Ashenzari
Cheibriados
Elyvilon
Fedhas
Kikubaaqudgha
Makhleb
Okawaru
Pakellas
Qazlal
Ru
Sif Muna
Trog
Xom
Yredelemnul
Zin
The Shining One

Shops:
D:4 ?

Annotations:
D:8 Erolcha


Innate Abilities, Weirdness & Mutations

You are resistant to torment.
Your stone body is resilient (AC +7).
You are immune to poison.
You resist negative energy.
You are resistant to electric shocks.
You can survive without breathing.
You are immune to petrification.
You are immune to rotting.
Scrolls take you a little longer to read.
Your flesh is heat resistant.
Your magical capacity is low (-10% MP).
You are occasionally teleported next to monsters.
Your spells are a little harder to cast, but a little more powerful.


Message History

You feel better.
You hear some strange, mumbled words.
Something tries to affect you, but you resist.
You hear some strange, mumbled words.
A bolt of poison appears from out of thin air!
The bolt of poison hits you! You resist.
You hear some strange, mumbled words.
A bolt of poison appears from out of thin air!
The bolt of poison hits you! You resist.
You hear some strange, mumbled words.
A bolt of poison appears from out of thin air!
The bolt of poison hits you! You resist.
Erolcha appears from thin air!
Reactivating autopickup.
Erolcha tries to grin evilly.
You hit Erolcha.
Erolcha is poisoned.
Erolcha is lightly wounded.
Erolcha casts a spell at you. The orb of energy hits you!
You die...

. ########### . ....... .
####### .#### #### ....#
#... ....# #.##
....################ #.#
...............O.#.. #.#
....############@#.# .. #.#
#.# ...".. #.#.# #. #.# #.#
....#$# #.#.# #.##.# ##.##
.#.##.#
########.#.###.##.###...#
.#.# .
................#.##.....
.#.#
.#########..........†..."..
#. # ###.####.#.##..... #.#
#.........#
#.######†####.##


You could see Erolcha.

Vanquished Creatures
  The ghost of Gorice the Conjurer, a novice DsAE of Sif Muna (D:7)
  Prince Ribbit (D:5)
  A hungry ghost (D:7)
  2 black bears
  2 sky beasts (D:8)
  An ice beast (D:7)
  An orc warrior (D:5)
  2 necrophages
  5 ogres
  3 centaurs
  The ghost of dobroeutro the Shield-Bearer, an amateur GrFi (D:3)
  A giant frog (D:8)
  4 killer bees (D:8)
  A howler monkey (D:4)
  3 crimson imps
  An orc priest (D:4)
  A jelly (D:5)
  2 giant frog skeletons
  5 hounds
  3 iguanas
  Crazy Yiuf (D:4)
  10 orc wizards
  3 worker ants
  2 hound skeletons (D:4)
  3 worker ant zombies
  Robin (D:3)
  10 adders
  An ooze (D:2)
  3 adder skeletons
  4 worms
  2 dart slugs
  9 giant geckos
  24 orcs
  6 ball pythons
  6 giant cockroaches
  18 goblins
  9 hobgoblins
  12 jackals
  6 kobolds
  5 quokkas
  11 bats
  7 giant newts
  A quokka skeleton (D:6)
  5 rats
200 creatures vanquished.

Vanquished Creatures (others)
  A plant (D:3)
1 creature vanquished.

Grand Total: 201 creatures vanquished

Notes
Turn   | Place    | Note
--------------------------------------------------------------
     0 | D:1      | dobroeutro the Gargoyle Fighter began the quest for the Orb.
     0 | D:1      | Reached XP level 1. HP: 14/14 MP: 1/1
    46 | D:1      | Reached XP level 2. HP: 16/19 MP: 2/2
   340 | D:1      | Reached XP level 3. HP: 24/24 MP: 3/3
   843 | D:2      | Found a deep blue altar of Sif Muna.
   848 | D:2      | Found a shimmering altar of Xom.
   850 | D:2      | Found a sacrificial altar of Ru.
   850 | D:2      | Found a snail-covered altar of Cheibriados.
   850 | D:2      | Found a glowing golden altar of the Shining One.
   851 | D:2      | Found an ancient bone altar of Kikubaaqudgha.
   855 | D:2      | Found a bloodstained altar of Trog.
  1166 | D:2      | Reached skill level 4 in Shields
  1166 | D:2      | Reached XP level 4. HP: 16/29 MP: 4/4
  1677 | D:3      | HP: 1/29 [orc wizard/dagger (1)]
  1685 | D:3      | Reached XP level 5. HP: 3/33 MP: 5/5
  2004 | D:3      | Noticed dobroeutro's ghost (amateur GrFi)
  2013 | D:3      | HP: 1/33 [dobroeutro's ghost (7)]
  2035 | D:3      | Gained mutation: Your mind is acute. (Int +2) [potion of mutation]
  2035 | D:3      | Gained mutation: Scrolls take you a little longer to read. [potion of mutation]
  2035 | D:3      | Gained mutation: Your spells are a little harder to cast, but a little more powerful. [potion of mutation]
  2047 | D:3      | Killed dobroeutro's ghost
  2047 | D:3      | Reached skill level 5 in Shields
  2047 | D:3      | Reached XP level 6. HP: 36/38 MP: 6/6
  2110 | D:3      | Noticed Robin
  2163 | D:3      | Killed Robin
  2584 | D:3      | Found a stormy altar of Qazlal.
  3333 | D:4      | Found a staircase to the Ecumenical Temple.
  3340 | Temple   | Entered the Ecumenical Temple
  3347 | Temple   | Reached skill level 6 in Shields
  3350 | Temple   | Reached XP level 7. HP: 42/44 MP: 7/7
  3358 | Temple   | Became a worshipper of Warmaster Okawaru
  3517 | D:5      | Entered Level 5 of the Dungeon
  3979 | D:4      | Reached skill level 5 in Armour
  4215 | D:4      | Found Zaovey's Magic Scroll Shoppe.
  4262 | D:4      | Reached * piety under Okawaru
  4342 | D:4      | Reached skill level 5 in Fighting
  4388 | D:4      | Found a white marble altar of Elyvilon.
  4388 | D:4      | Found an oddly glowing altar of Pakellas.
  4389 | D:4      | Found a shattered altar of Ashenzari.
  4493 | D:4      | Reached XP level 8. HP: 49/49 MP: 8/8
  4766 | D:4      | Noticed Crazy Yiuf
  4775 | D:4      | Killed Crazy Yiuf
  4775 | D:4      | Reached skill level 7 in Shields
  5053 | D:5      | Reached skill level 5 in Maces & Flails
  5260 | D:5      | Reached ** piety under Okawaru
  5267 | D:5      | Noticed Prince Ribbit
  5284 | D:5      | Killed Prince Ribbit
  5297 | D:5      | Reached skill level 8 in Shields
  6084 | D:6      | Found a stormy altar of Qazlal.
  6219 | D:6      | Reached XP level 9. HP: 48/55 MP: 9/9
  6694 | D:7      | Noticed Gorice's ghost (novice DsAE)
  6716 | D:7      | Killed Gorice's ghost
  6716 | D:7      | Reached *** piety under Okawaru
  6716 | D:7      | Reached skill level 9 in Shields
  7427 | D:8      | Reached **** piety under Okawaru
  7466 | D:8      | Reached XP level 10. HP: 38/61 MP: 10/10
  7491 | D:8      | Lost mutation: Your mind is acute. (Int +2) [mutagenic meat]
  7492 | D:8      | Gained mutation: Your flesh is heat resistant. [mutagenic meat]
  7494 | D:8      | Gained mutation: You are occasionally teleported next to monsters. [mutagenic meat]
  7495 | D:8      | Gained mutation: Your magical capacity is low (-10% MP). [mutagenic meat]
  7677 | D:8      | Reached skill level 10 in Shields
  7717 | D:8      | Noticed Erolcha
  7749 | D:8      | Killed from afar by Erolcha

Vault maps used:
D:1:      dpeg_arrival_rhombus
D:2:      minitemple
D:3:      wad_woods_pond, lemuel_coloured_pillars_altar,
          minmay_item_behind_shaft, hex_medium, serial_bayou_ford_a, uniq_robin
D:4:      kennysheep_six_static_rooms, gammafunk_temple_overflow_claw,
          minmay_temple_entry_grid, serial_shops, shop_scrolls,
          serial_co_window_serial, co_window_corner_a, co_window_corner_a,
          co_window_corner_a, co_window_paths_a, co_window_cross_1,
          co_window_paths_a, co_window_paths_b, co_window_broadway_a,
          glass_columns_b, glass_columns_a, glass_columns_b,
          uniq_crazy_yiuf_cottage
D:5:      first_bread, uniq_prince_ribbit1
D:6:      basic_altar, grunt_decor_fettered
D:8:      grunt_temple_overflow_opulence, uniq_erolcha
Temple:   circular_temple_6

Skill      XL: |  1  2  3  4  5  6  7  8  9 10 |
---------------+-------------------------------+-----
Shields        | 4 5 6 8 9 10 | 10.0
Fighting       | 4 5 6 |  6.7
Armour         | 4 5 6 7 8 |  8.0
Maces & Flails | 3 4 5 7 |  7.5

Action                   |  1- 3 |  4- 6 |  7- 9 | 10-12 || total
-------------------------+-------+-------+-------+-------++-------
Melee: Flail             |   226 |   283 |   196 |       ||   705
       Mace              |       |       |   302 |    41 ||   343
  Use: Potion            |       |     8 |     2 |     1 ||    11
       Scroll            |       |       |     2 |     1 ||     3
  Eat: Chunk             |     1 |     8 |    12 |     5 ||    26
       Beef jerky        |       |       |     1 |       ||     1
       Bread ration      |       |       |     2 |       ||     2
